 Dungeon Crawl Stone Soup version 0.28-a0-1412-gf95308ed99 (webtiles) character file.

Game seed: 2089042208092450874

125 siradein the Ducker (level 5, -6/39 HPs)
             Began as a Djinni Gladiator on Jan 7, 2022.
             Mangled by Jessica (10 damage)
             ... on level 3 of the Dungeon.
             The game lasted 00:03:31 (2207 turns).

siradein the Ducker (Djinni Gladiator)              Turns: 2207, Time: 00:03:32

Health: -6/39      AC:  4    Str: 15    XL:     5   Next: 30%
Gold:   58         EV: 12    Int: 12    God:
                   SH:  4    Dex: 15

rFire   + + +      SeeInvis .   a - +0 long sword
rCold   . . .      Faith    .   p - +1 buckler of Untruth {rF+ Int+3}
rNeg    . . .      Spirit   .   b - +0 leather armour
rPois   ∞          Reflect  .   c - +0 helmet
rElec   .          Harm     .   (no cloak)
rCorr   .          Rampage  .   (no gloves)
Will    .....                   (boots unavailable)
Stlth   +.........              (no amulet)
HPRegen 0.13/turn               k - ring of protection from cold
MPRegen 0.00/turn               (no ring)

@: flying
A: sickness immunity, fire resistance 2, cold vulnerability 1, float, innate
caster, hp casting, extra vitality 1
a: no special abilities


You were on level 3 of the Dungeon.
You visited 1 branch of the dungeon, and saw 3 of its levels.

You collected 58 gold pieces.

Inventory:

Hand Weapons
 a - a +0 long sword (weapon)
Missiles
 d - 3 throwing nets (quivered)
Armour
 b - a +0 leather armour (worn)
 c - a +0 helmet (worn)
 p - the +1 buckler of Untruth (worn) {rF+ Int+3}
   (You found it on level 2 of the Dungeon)

   Int:       It affects your intelligence (+3).
   rF:        It protects you from fire.
Jewellery
 k - a ring of protection from cold (left hand)
Scrolls
 f - a scroll of brand weapon {unknown}
 i - a scroll of identify {unknown}
 j - 3 scrolls of teleportation {unknown}
 l - a scroll of enchant armour {unknown}
 m - a scroll of summoning {unknown}
 n - a scroll of noise {unknown}
 o - a scroll of amnesia {unknown}
Potions
 e - a potion of curing {unknown}
 g - a potion of heal wounds {unknown}
 h - a potion of haste {unknown}


   Skills:
 + Level 2.6 Fighting
 + Level 3.2 Long Blades
 + Level 2.2 Throwing
 + Level 1.5 Armour
 + Level 3.8 Dodging
 + Level 1.2 Spellcasting


You had 3 spell levels left.
You knew the following spells:

 Your Spells              Type           Power      Damage    Failure   Level
a - Apportation           Tloc           6%         N/A       30%         1
b - Wereblood             Tmut           3%         N/A       41%         2
Your spell library was empty.

Dungeon Overview and Level Annotations

Branches:
Dungeon (3/15)

Altars:

Annotations:
D:3 Jessica


Innate Abilities, Weirdness & Mutations

You are immune to sickness and miasma.
You are immune to poison.
Your flesh is very heat resistant. (rF++)
You are vulnerable to cold. (rC-)
You float through the air rather than walking.
You learn spells naturally, not from books.
Your magical power is your life essence.
You have superior vitality. (+4 MHP)


Message History

Jessica misses you.
You closely miss Jessica.
Jessica casts a spell.
Jessica blinks!
Found a stone staircase leading up.
Jessica points at you and mumbles some strange words.
Pain shoots through your body!
Jessica very coldly says, "I hate your company."
Jessica barely misses you.
You closely miss Jessica.
Jessica gestures wildly while chanting.
Jessica seems to speed up.
You barely miss Jessica. Jessica gestures at you while chanting.
Pain shoots through your body! You block Jessica's attack.
You hit Jessica.
Jessica is lightly wounded.
Jessica casts a spell at you. Pain shoots through your body!
You block Jessica's attack.
You are too injured to fight recklessly!
You are too injured to fight recklessly!
You closely miss Jessica.
Jessica is lightly wounded.
Jessica misses you. Jessica barely misses you.
You hit Jessica.
Jessica is moderately wounded.
Jessica hits you with a +0 club. Jessica barely misses you.
You hit Jessica but do no damage.
Jessica is moderately wounded.
You block Jessica's attack. Jessica barely misses you.
You hit Jessica.
Jessica is severely wounded.
Jessica hits you with a +0 club!
* * * LOW HITPOINT WARNING * * *
Jessica closely misses you.
You barely miss Jessica.
Jessica is severely wounded.
Jessica shouts, "Stop bothering me, or I'll kill you!"
Jessica hits you with a +0 club!
You die...

.#. @. <. ...# ..#
#.# #########.##
.......@#..##
#@#.#.##
#...##.######
#####.#.........#
.##........#.####.#
.......<....##
##..###.....# ..
##...## # ##.## #.#


You could see Jessica (fast, strong).

Vanquished Creatures
  Natasha (thrice) (D:2)
  3 adders (D:2)
  2 bats (D:1)
  4 endoplasms
  A goblin (D:1)
  4 hobgoblins
  2 kobolds (D:2)
  2 quokkas (D:1)
  2 ball pythons
  3 frilled lizards
  3 rats (D:1)
29 creatures vanquished.

Notes
Turn   | Place    | Note
-------+----------+-------------------------------------------
     0 | D:1      | siradein the Djinni Gladiator began the quest for the Orb.
     0 | D:1      | Reached XP level 1. HP: 18/18 MP: 0/0
   141 | D:1      | Reached XP level 2. HP: 21/23 MP: 0/0
  1048 | D:2      | Noticed Natasha
  1060 | D:2      | Killed Natasha
  1061 | D:2      | Reached skill level 1 in Armour
  1061 | D:2      | Reached XP level 3. HP: 29/29 MP: 0/0
  1061 | D:2      | Learned a level 1 spell: Apportation
  1189 | D:2      | Reached XP level 4. HP: 30/34 MP: 0/0
  1301 | D:2      | Noticed Natasha
  1309 | D:2      | Killed Natasha
  1310 | D:2      | Reached skill level 1 in Spellcasting
  1566 | D:2      | Reached XP level 5. HP: 29/39 MP: 0/0
  1566 | D:2      | Learned a level 2 spell: Wereblood
  1768 | D:2      | Noticed Natasha
  1773 | D:2      | Killed Natasha
  1945 | D:2      | Identified the +1 buckler of Untruth {rF+ Int+3}
  2186 | D:3      | Noticed Jessica
  2207 | D:3      | Mangled by Jessica

Illustrated notes

Levels and vault maps discovered:
D:1:      lightli_arrival_statuegarden, layout_basic, minmay_misc_feat_roman
D:2:      layout_loops_ring, uniq_natasha
D:3:      layout_loops_corners, dreamdust_ecumenical_altar_sealed_demon,
          minmay_fractal_squares_gapless_5, uniq_jessica

Skill      XL: |  1  2  3  4 |
---------------+-------------+-----
Long Blades    | 3 |  3.2
Armour         | 1 |  1.5
Throwing       | 2 |  2.2
Spellcasting   | 1 |  1.2
Fighting       | |  2.6
Dodging        | |  3.8

Action                   |  1- 3 |  4- 6 || total
-------------------------+-------+-------++-------
Melee: Long sword        |    58 |    43 ||   101
Armor: Leather armour    |    13 |     7 ||    20
Dodge: Dodged            |    57 |    30 ||    87
Block: Buckler           |       |     3 ||     3

Table legend: (Time is in decaauts)
 A = Elapsed time spent in this place.
 B = Non-inter-level travel time spent in this place.
 C = Inter-level travel time spent in this place.
 D = Time resting spent in this place.
 E = Time spent auto-exploring this place.
 F = Levels seen in this place.
 G = Mean time per level.
                   A        B        C        D        E       F      G
               +--------+--------+--------+--------+--------+-----+--------+
         Total |   2268 |   2215 |     53 |    157 |   1729 |   3 |  756.0 |
       Dungeon |   2268 |   2215 |     53 |    157 |   1729 |   3 |  756.0 |
               +--------+--------+--------+--------+--------+-----+--------+

Top non-repeatable levels by time:
     D:2: 1450 daAuts
     D:1: 786 daAuts
     D:3: 31 daAuts
